 Dungeon Crawl Stone Soup version 0.31.0-12-g77e489cdc1 (webtiles) character file.

Game seed: 2636290584930780580

343 Silvore the Covered (level 6, -6/53 HPs)
             Began as a Minotaur Fighter on Mar 5, 2024.
             Mangled by an orc
             ... wielding a +0 flail
              (7 damage)
             ... on level 4 of the Dungeon.
             The game lasted 00:03:20 (2689 turns).

Silvore the Covered (Minotaur Fighter)              Turns: 2689, Time: 00:03:21

Health: -6/53      AC:  9    Str: 22    XL:     6   Next: 31%
Magic:  5/5        EV: 10    Int:  5    God:
Gold:   175        SH:  5    Dex: 16    Spells: 5/5 levels left

rFire   . . .        a - +0 flail
rCold   . . .        c - +0 buckler
rNeg    . . .        b - +0 scale mail
rPois   .            (helmet restricted)
rElec   .            (no cloak)
rCorr   .            p - +1 pair of gloves
SInv    .            (no boots)
Will    .....        (no amulet) Stlth
                     e - +6 ring of dexterity
HPRegen 0.28/turn    i - ring of flight
MPRegen 0.09/turn

%: no passive effects
@: mighty, flying
A: horns 2, retaliatory headbutt
a: no special abilities


You were on level 4 of the Dungeon.
You visited 1 branch of the dungeon, and saw 4 of its levels.

You collected 175 gold pieces.

Inventory:

Hand Weapons
 a - a +0 flail (weapon)
 k - a +0 mace of chaos
Missiles
 s - a throwing net (quivered)
Armour
 b - a +0 scale mail (worn)
 c - a +0 buckler (worn)
 p - a +1 pair of gloves (worn)
Jewellery
 e - a +6 ring of dexterity (left hand)
 i - a ring of flight (right hand)
 l - an amulet of faith
Scrolls
 q - a scroll of fear
 t - 3 scrolls of noise {unknown}
Potions
 d - 2 potions of might
 f - a potion of haste
 g - a potion of resistance {unknown}
 h - a potion of brilliance
 j - a potion of attraction {unknown}
 m - a potion of berserk rage {unknown}
 n - a potion of degeneration {unknown}
 o - 2 potions of invisibility
 r - a potion of enlightenment {unknown}


   Skills:
 + Level 4.6 Fighting
 + Level 5.0 Maces & Flails
 + Level 5.1 Armour
 + Level 2.0 Dodging
 + Level 0.3 Stealth
 + Level 4.9 Shields


You had 5 spell levels left.
You didn't know any spells.
Your spell library was empty.

Dungeon Overview and Level Annotations

Branches:
Dungeon (4/15)
 Temple: D:4-7

Altars:
Ru
Yredelemnul

Annotations:
D:4 Grinder


Innate Abilities, Weirdness & Mutations

You have a pair of horns on your head.
You reflexively headbutt those who attack you in melee.


Message History

You closely miss the orc. Your headbutt misses the orc.
The orc hits you with a +0 flail.
You closely miss the orc. You headbutt the orc.
The orc is severely wounded.
The orc barely misses you.
You closely miss the orc.
The orc is severely wounded.
You barely miss Grinder. Your headbutt misses Grinder. Grinder hits you.
You barely miss Grinder. Grinder hits you.
You writhe in agony.
You barely miss Grinder. Grinder gestures at you.
Pain shoots through your body!
* * * LOW HITPOINT WARNING * * *
You hit Grinder.
Grinder is lightly wounded.
Grinder hits you but does no damage.
You feel very mighty all of a sudden. Grinder gestures at you.
You suddenly lose the ability to move!
Grinder hits you but does no damage. x2
Grinder barely misses you. Grinder gestures at you.
Pain shoots through your body!
* * * LOW HITPOINT WARNING * * *
You can move again.
You barely miss Grinder. Your headbutt misses Grinder.
Grinder is lightly wounded.
Grinder hits you.
* * * LOW HITPOINT WARNING * * *
You bludgeon Grinder!! Your headbutt misses Grinder.
Grinder is heavily wounded.
Grinder hits you.
* * * LOW HITPOINT WARNING * * *
You writhe in agony.
* * * LOW HITPOINT WARNING * * *
Grinder blinks!
You closely miss the orc.
The orc is severely wounded.
The orc hits you with a +0 flail!
You die...

###### ####....#
...#.##.# ##.#.##.#
.#.#.##.### .#.#......#
.#.#......############..
.#.#......##...)@o...5..
.#.#......##.#########.#
.#.#.......#.#
.#...##......#
.######.P.P..#
........._...#
.######.P.P..#### .#
#..........
.######.#..######


You could see Grinder and an orc.

Vanquished Creatures
  An ogre (D:4)
  A scorpion (D:4)
  Jessica (D:2)
  Natasha (twice) (D:2)
  3 adders
  A white imp (D:4)
  2 ribbon worms
  2 dart slugs
  5 orcs
  8 bats
  7 endoplasms
  3 giant cockroaches
  9 goblins
  6 hobgoblins
  5 jackals (D:2)
  6 kobolds
  2 quokkas
  7 ball pythons
  4 frilled lizards
  4 rats
79 creatures vanquished.

Notes
Turn   | Place    | Note
-------+----------+-------------------------------------------
     0 | D:1      | Silvore the Minotaur Fighter began the quest for the Orb.
     0 | D:1      | Reached XP level 1. HP: 19/19 MP: 0/0
   169 | D:1      | Reached XP level 2. HP: 24/27 MP: 1/1
   606 | D:1      | Reached XP level 3. HP: 33/33 MP: 2/2
   919 | D:2      | Noticed Jessica
   926 | D:2      | Killed Jessica
   927 | D:2      | Reached skill level 1 in Dodging
   927 | D:2      | Reached XP level 4. HP: 40/40 MP: 3/3
  1059 | D:2      | Noticed Natasha
  1071 | D:2      | Killed Natasha
  1230 | D:2      | Identified the +7 sling of the Turnip {freeze, MP-9 Str+4}
  1431 | D:2      | Noticed Natasha
  1441 | D:2      | Killed Natasha
  1442 | D:2      | Reached XP level 5. HP: 26/47 MP: 4/4
  1711 | D:3      | Found a sacrificial altar of Ru.
  1941 | D:3      | Found a faded altar of an unknown god.
  2573 | D:4      | Reached skill level 5 in Armour
  2613 | D:4      | Found a basalt altar of Yredelemnul.
  2667 | D:4      | Noticed an ogre
  2668 | D:4      | Noticed Grinder
  2672 | D:4      | Killed an ogre
  2673 | D:4      | Reached skill level 5 in Maces & Flails
  2673 | D:4      | Reached XP level 6. HP: 41/53 MP: 5/5
  2682 | D:4      | Paralysed by Grinder for 5 turns
  2688 | D:4      | HP: 1/53 [Grinder (6)]
  2689 | D:4      | Mangled by an orc

Illustrated notes

Levels and vault maps discovered:
D:1:      onia_arrival_pentagram, layout_basic, minivault_5,
          dreamdust_mushroom_princess, minivault_27
D:2:      layout_basic, uniq_jessica, uniq_natasha
D:3:      layout_basic, nicolae_overflow_hidden_temple, basic_ecumenical_altar
D:4:      layout_basic, mainiacjoe_overflow_alcove_4, yredelemnul_altar_generic,
          serial_shops, shop, uniq_grinder, uniq_sigmund

Skill      XL: |  1  2  3  4  5 |
---------------+----------------+-----
Shields        | 4 |  4.9
Armour         | 4 5 |  5.1
Fighting       | 4 |  4.6
Maces & Flails | 3 5 |  5.0
Dodging        | 1 2 |  2.0
Stealth        | |  0.3

Action                     |  1- 3 |  4- 6 || total
---------------------------+-------+-------++-------
  Melee: Flail             |    86 |    53 ||   139
         Headbutt          |     9 |    17 ||    26
         Mace              |       |    62 ||    62
    Use: Scroll            |     2 |     7 ||     9
         Potion            |       |     1 ||     1
 Armour: Scale mail        |    85 |    87 ||   172
  Dodge: Dodged            |    60 |    63 ||   123
  Block: Buckler           |    31 |    40 ||    71
